MLB
BOSTON RED SOX @ TAMPA BAY RAYS
09/19/2020
 
TOP OF THE 1ST
Boston Red Sox batting - Pitching for Tampa Bay Rays : LHP Brendan McKay
Pitching: LHP Brendan McKay
Batting: LHB Tzu-Wei Lin 0-0: Called Strike
0-1: Ball
1-1: TRIPLE (Line Drive, 9D, EV 104.4 MPH)
Batting: LHB Alex Verdugo 0-0: Called Strike
0-1: Ball
Wild Pitch!
Tzu-Wei Lin scores
1-1: Swinging Strike
1-2: Ball
2-2: Strikes out looking
Batting: RHB Xander Bogaerts 0-0: Ball
1-0: Called Strike
1-1: Called Strike
1-2: Ball
2-2: Ball
3-2: Strikes out looking
Batting: RHB Michael Chavis 0-0: Called Strike
0-1: Called Strike
0-2: Ball
1-2: Ball
2-2: Ball
3-2: Foul Ball, location: 2F
3-2: Base on Balls
Batting: LHB Jackie Bradley Jr. 0-0: Ball
1-0: Called Strike
1-1: Ball
2-1: Ball
3-1: Foul Ball, location: 2F
3-2: Base on Balls
Michael Chavis to second
Batting: RHB Bobby Dalbec 0-0: Ball
1-0: Called Strike
1-1: Foul Ball, location: 2F
1-2: Ball
2-2: Foul Ball, location: 2F
2-2: Foul Ball, location: 2F
2-2: Ball
3-2: Strikes out swinging
Top of the 1st over - 1 run, 1 hit, 0 errors, 2 left on base; Boston 1 - Tampa Bay 0
BOTTOM OF THE 1ST
Tampa Bay Rays batting - Pitching for Boston Red Sox : LHP Darwinzon Hernandez
Pitching: LHP Darwinzon Hernandez
Batting: RHB Daniel Robertson 0-0: Ball
1-0: Ball
2-0: Ball
3-0: Called Strike
3-1: Base on Balls
Batting: RHB Jose Martinez 0-0: Ball
1-0: Ball
2-0: Called Strike
2-1: Foul Ball, location: 2F
2-2: Ball
3-2: Foul Ball, location: 2F
3-2: Base on Balls
Daniel Robertson to second
Batting: LHB Austin Meadows 0-0: Ball
1-0: Foul Ball, location: 2F
1-1: Ball
2-1: Foul Ball, location: 2F
2-2: Foul Ball, location: 2F
2-2: Foul Ball, location: 2F
2-2: Strikes out looking
Batting: RHB Hunter Renfroe 0-0: Called Strike
0-1: Ball
1-1: Foul Ball, location: 2F
1-2: Ball
2-2: Fly out, F7 (Flyball, 7LM, EV 91.3 MPH)
Pitching: LHP Martin Perez
Batting: RHB Willy Adames 0-0: Ball
1-0: Ball
2-0: Ball
3-0: Base on Balls
Daniel Robertson to third
Jose Martinez to second
Batting: LHB Ji-man Choi 0-0: Called Strike
0-1: Fly out, F7 (Line Drive, 7, EV 105.6 MPH)
Bottom of the 1st over - 0 runs, 0 hits, 0 errors, 3 left on base; Boston 1 - Tampa Bay 0
TOP OF THE 2ND
Boston Red Sox batting - Pitching for Tampa Bay Rays : LHP Brendan McKay
Batting: RHB Kevin Pillar 0-0: Ball
1-0: Ball
2-0: Called Strike
2-1: Foul Ball, location: 2F
2-2: Strikes out swinging
Batting: RHB Kevin Plawecki 0-0: Ball
1-0: Ball
2-0: Called Strike
2-1: Called Strike
2-2: Foul Ball, location: 2F
2-2: Foul Ball, location: 2F
2-2: Ball
3-2: Strikes out looking
Batting: RHB Jonathan Lucroy 0-0: Called Strike
0-1: Ball
1-1: Ball
2-1: Ball
3-1: Base on Balls
Batting: LHB Tzu-Wei Lin 0-0: Called Strike
0-1: Ground out 4-3 (Groundball, 4, EV 83.8 MPH)
Top of the 2nd over - 0 runs, 0 hits, 0 errors, 1 left on base; Boston 1 - Tampa Bay 0
BOTTOM OF THE 2ND
Tampa Bay Rays batting - Pitching for Boston Red Sox : LHP Martin Perez
Batting: LHB Brandon Lowe 0-0: Ball
1-0: Ball
2-0: Swinging Strike
2-1: Called Strike
2-2: Ball
3-2: Foul Ball, location: 2F
3-2: Foul Ball, location: 2F
3-2: Base on Balls
Batting: RHB Manuel Margot 0-0: Swinging Strike
0-1: Ball
1-1: Called Strike
1-2: Ball
2-2: Strikes out swinging
Batting: RHB Robinson Chirinos 0-0: Ball
1-0: Ball
2-0: Called Strike
2-1: SINGLE (Line Drive, 4D, EV 95.0 MPH)
Brandon Lowe to second
Batting: RHB Daniel Robertson 0-0: SINGLE (Groundball, 6MD, EV 106.3 MPH)
Brandon Lowe to third
Robinson Chirinos to second
Batting: RHB Jose Martinez 0-0: Foul Ball, location: 2F
0-1: Ball
1-1: Called Strike
1-2: Ball
2-2: Ball
3-2: Grounds into double play, 4-6-3 (Groundball, 4, EV 93.1 MPH)
Bottom of the 2nd over - 0 runs, 2 hits, 0 errors, 2 left on base; Boston 1 - Tampa Bay 0
TOP OF THE 3RD
Boston Red Sox batting - Pitching for Tampa Bay Rays : LHP Brendan McKay
Batting: LHB Alex Verdugo 0-0: Ball
1-0: Called Strike
1-1: Foul Ball, location: 2F
1-2: Foul Ball, location: 2F
1-2: Ball
2-2: Ball
3-2: Fly out, F6 (Popup, 6, EV 54.4 MPH)
Batting: RHB Xander Bogaerts 0-0: Called Strike
0-1: Ball
1-1: Called Strike
1-2: Strikes out looking
Batting: RHB Michael Chavis 0-0: Ball
1-0: Called Strike
1-1: Swinging Strike
1-2: Strikes out swinging
Top of the 3rd over - 0 runs, 0 hits, 0 errors, 0 left on base; Boston 1 - Tampa Bay 0
BOTTOM OF THE 3RD
Tampa Bay Rays batting - Pitching for Boston Red Sox : LHP Martin Perez
Batting: LHB Austin Meadows 0-0: Called Strike
0-1: Called Strike
0-2: Ball
1-2: Ball
2-2: Ball
3-2: Foul Ball, location: 2F
3-2: Base on Balls
Batting: RHB Hunter Renfroe 0-0: Ball
1-0: Ball
2-0: Ball
3-0: Called Strike
3-1: Swinging Strike
3-2: Fly out, F6 (Flyball, 6D, EV 88.8 MPH)
Batting: RHB Willy Adames 0-0: Called Strike
0-1: Called Strike
0-2: Fly out, F9 (Flyball, 9S, EV 74.4 MPH)
Batting: LHB Ji-man Choi 0-0: Ball
Wild Pitch!
Austin Meadows to second
1-0: Fly out, F7 (Line Drive, 7, EV 83.1 MPH)
Bottom of the 3rd over - 0 runs, 0 hits, 0 errors, 1 left on base; Boston 1 - Tampa Bay 0
TOP OF THE 4TH
Boston Red Sox batting - Pitching for Tampa Bay Rays : LHP Brendan McKay
Batting: LHB Jackie Bradley Jr. 0-0: Ball
1-0: Ball
2-0: Called Strike
2-1: Called Strike
2-2: Ball
3-2: Base on Balls
Batting: RHB Bobby Dalbec 0-0: Ball
1-0: Ball
2-0: Foul Ball, location: 2F
2-1: Ball
3-1: 2-RUN HOME RUN (Flyball, 7LD, EV 101.3 MPH), Distance : 366 ft
Batting: RHB Kevin Pillar 0-0: Called Strike
0-1: Foul Ball, location: 2F
0-2: Ball
1-2: Strikes out swinging, 2-3 out at first.
Batting: RHB Kevin Plawecki 0-0: Ball
1-0: Called Strike
1-1: SINGLE (Line Drive, 7LM, EV 113.1 MPH)
Batting: RHB Jonathan Lucroy 0-0: Ball
1-0: Foul Ball, location: 2F
1-1: Fly out, F6 (Popup, 6MD, EV 57.5 MPH)
Batting: LHB Tzu-Wei Lin 0-0: Called Strike
0-1: Fielders Choice at 2nd, 6-4 (Groundball, 6, EV 91.3 MPH)
Top of the 4th over - 2 runs, 2 hits, 0 errors, 1 left on base; Boston 3 - Tampa Bay 0
BOTTOM OF THE 4TH
Tampa Bay Rays batting - Pitching for Boston Red Sox : LHP Martin Perez
Batting: LHB Brandon Lowe 0-0: Ball
1-0: Called Strike
1-1: Swinging Strike
1-2: Ball
2-2: Foul Ball, location: 2F
2-2: Ball
3-2: Base on Balls
Batting: RHB Manuel Margot 0-0: SINGLE (Groundball, 6D, EV 106.3 MPH)
Brandon Lowe to second
Batting: RHB Robinson Chirinos 0-0: Called Strike
0-1: Ball
1-1: Ball
2-1: Ball
3-1: Fly out, F9 (Flyball, 9LS, EV 88.1 MPH)
Batting: RHB Daniel Robertson 0-0: Foul Ball, location: 2F
0-1: Ball
1-1: Foul Ball, location: 2F
1-2: Ball
2-2: Grounds into double play, 6-4-3 (Groundball, 6, EV 98.1 MPH)
Bottom of the 4th over - 0 runs, 1 hit, 0 errors, 1 left on base; Boston 3 - Tampa Bay 0
TOP OF THE 5TH
Boston Red Sox batting - Pitching for Tampa Bay Rays : LHP Brendan McKay
Batting: LHB Alex Verdugo 0-0: Called Strike
0-1: Ground out U3 (Groundball, 3L, EV 103.1 MPH)
Batting: RHB Xander Bogaerts 0-0: Ball
1-0: Foul Ball, location: 2F
1-1: Ball
2-1: SINGLE (Flyball, 89S, EV 93.1 MPH)
Batting: RHB Michael Chavis 0-0: Called Strike
0-1: Called Strike
0-2: Strikes out swinging
Batting: LHB Jackie Bradley Jr. 0-0: Foul Ball, location: 2F
0-1: Ball
1-1: Called Strike
1-2: Foul Ball, location: 2F
1-2: Ball
2-2: Ball
3-2: Strikes out looking
Top of the 5th over - 0 runs, 1 hit, 0 errors, 1 left on base; Boston 3 - Tampa Bay 0
BOTTOM OF THE 5TH
Tampa Bay Rays batting - Pitching for Boston Red Sox : LHP Martin Perez
Batting: RHB Jose Martinez 0-0: Called Strike
0-1: Called Strike
0-2: Foul Ball, location: 2F
0-2: Strikes out swinging, 2-3 out at first.
Batting: LHB Austin Meadows 0-0: Called Strike
0-1: Called Strike
0-2: Ball
1-2: Ball
2-2: SINGLE (Groundball, 4MD, EV 106.3 MPH)
Batting: RHB Hunter Renfroe 0-0: Called Strike
0-1: Ball
1-1: Ball
2-1: SINGLE (Groundball, 6MD, EV 96.3 MPH)
Austin Meadows to second
Batting: RHB Willy Adames 0-0: Ball
1-0: Ball
2-0: Grounds into double play, 4-6-3 (Groundball, 4M, EV 101.9 MPH)
Bottom of the 5th over - 0 runs, 2 hits, 0 errors, 1 left on base; Boston 3 - Tampa Bay 0
TOP OF THE 6TH
Boston Red Sox batting - Pitching for Tampa Bay Rays : LHP Brendan McKay
Pitching: RHP Hector Neris
Batting: RHB Bobby Dalbec 0-0: Called Strike
0-1: Called Strike
0-2: Ball
1-2: Ball
2-2: Ball
3-2: Base on Balls
Batting: RHB Kevin Pillar 0-0: Ball
1-0: Foul Ball, location: 2F
1-1: Ball
2-1: Foul Ball, location: 2F
2-2: Ball
3-2: Foul Ball, location: 2F
3-2: Strikes out swinging
Batting: RHB Kevin Plawecki 0-0: Called Strike
0-1: Foul Ball, location: 2F
0-2: Strikes out swinging
Batting: RHB Jonathan Lucroy 0-0: Ball
1-0: SINGLE (Line Drive, 8LS, EV 112.5 MPH)
Bobby Dalbec to second
Pitching: RHP Tyler Zombro
Batting: LHB Tzu-Wei Lin 0-0: Foul Ball, location: 2F
0-1: Foul Ball, location: 2F
0-2: Strikes out swinging
Top of the 6th over - 0 runs, 1 hit, 0 errors, 2 left on base; Boston 3 - Tampa Bay 0
BOTTOM OF THE 6TH
Tampa Bay Rays batting - Pitching for Boston Red Sox : LHP Martin Perez
Batting: LHB Ji-man Choi 0-0: Ball
1-0: Ball
2-0: Ball
3-0: Called Strike
3-1: Base on Balls
Batting: LHB Brandon Lowe 0-0: Ball
1-0: Called Strike
1-1: Foul Ball, location: 2F
1-2: Grounds into double play, U6-3 (Groundball, 4MS, EV 85.0 MPH)
Batting: RHB Manuel Margot 0-0: Ball
1-0: Called Strike
1-1: Foul Ball, location: 2F
1-2: Fly out, F8 (Flyball, 8LM, EV 76.3 MPH)
Bottom of the 6th over - 0 runs, 0 hits, 0 errors, 0 left on base; Boston 3 - Tampa Bay 0
TOP OF THE 7TH
Boston Red Sox batting - Pitching for Tampa Bay Rays : RHP Tyler Zombro
Batting: LHB Alex Verdugo 0-0: Ball
1-0: Foul Ball, location: 2F
1-1: Foul Ball, location: 2F
1-2: SINGLE (Groundball, 3D, EV 100.0 MPH)
Batting: RHB Xander Bogaerts 0-0: Ball
1-0: Swinging Strike
1-1: Fly out, F8 (Line Drive, 8LD, EV 93.1 MPH)
Batting: RHB Michael Chavis 0-0: Ball
1-0: Ball
2-0: Ball
3-0: Called Strike
3-1: Foul Ball, location: 2F
3-2: Strikes out looking
Batting: LHB Jackie Bradley Jr. 0-0: Ball
1-0: Ball
2-0: Swinging Strike
2-1: Ball
3-1: Base on Balls
Alex Verdugo to second
Pitching: LHP Jose Alvarado
Batting: RHB Bobby Dalbec 0-0: Called Strike
0-1: Fly out, F7 (Flyball, 7S, EV 91.9 MPH)
Top of the 7th over - 0 runs, 1 hit, 0 errors, 2 left on base; Boston 3 - Tampa Bay 0
BOTTOM OF THE 7TH
Tampa Bay Rays batting - Pitching for Boston Red Sox : LHP Martin Perez
Batting: RHB Robinson Chirinos 0-0: Ball
1-0: Called Strike
1-1: Called Strike
1-2: Ball
2-2: Ball
3-2: Foul Ball, location: 2F
3-2: Ground out 6-3 (Groundball, 56, EV 108.1 MPH)
Batting: RHB Daniel Robertson 0-0: Foul Ball, location: 2F
0-1: Ball
1-1: Ball
2-1: Fly out, F7 (Flyball, 7LS, EV 91.9 MPH)
Batting: RHB Jose Martinez 0-0: DOUBLE (Line Drive, 9LM, EV 107.5 MPH)
Batting: LHB Austin Meadows 0-0: Called Strike
0-1: Fly out, F8 (Flyball, 8LS, EV 88.1 MPH)
Bottom of the 7th over - 0 runs, 1 hit, 0 errors, 1 left on base; Boston 3 - Tampa Bay 0
TOP OF THE 8TH
Boston Red Sox batting - Pitching for Tampa Bay Rays : LHP Jose Alvarado
Batting: RHB Kevin Pillar 0-0: Ground out 5-3 (Groundball, 5, EV 80.0 MPH)
Batting: RHB Kevin Plawecki 0-0: Called Strike
0-1: Ball
1-1: Foul Ball, location: 2F
1-2: Ball
2-2: Ball
3-2: Base on Balls
Batting: RHB Jonathan Lucroy 0-0: Ball
1-0: Ball
2-0: Called Strike
2-1: Foul Ball, location: 2F
2-2: Grounds into double play, 4-6-3 (Groundball, 4, EV 101.9 MPH)
Top of the 8th over - 0 runs, 0 hits, 0 errors, 0 left on base; Boston 3 - Tampa Bay 0
BOTTOM OF THE 8TH
Tampa Bay Rays batting - Pitching for Boston Red Sox : LHP Martin Perez
Pitching: RHP Austin Brice
Now in LF: Marcus Wilson
Batting: RHB Hunter Renfroe 0-0: Ground out 1-3 (Groundball, 25, EV 61.3 MPH)
Batting: RHB Willy Adames 0-0: Called Strike
0-1: TRIPLE (Flyball, 9LD, EV 97.5 MPH)
Batting: LHB Ji-man Choi 0-0: Foul Ball, location: 2F
0-1: Foul Ball, location: 2F
0-2: Ball
1-2: Ball
2-2: Ball
3-2: Foul Ball, location: 2F
3-2: Foul Ball, location: 2F
3-2: Foul Ball, location: 2F
3-2: Fly out, F8 (Flyball, 78M, EV 85.0 MPH)
Runner from 3rd tags up, SCORES, throw by CF
Batting: LHB Brandon Lowe 0-0: Called Strike
0-1: Foul Ball, location: 2F
0-2: Ball
1-2: Foul Ball, location: 2F
1-2: Ball
2-2: Foul Ball, location: 2F
2-2: Strikes out swinging
Bottom of the 8th over - 1 run, 1 hit, 0 errors, 0 left on base; Boston 3 - Tampa Bay 1
TOP OF THE 9TH
Boston Red Sox batting - Pitching for Tampa Bay Rays : LHP Jose Alvarado
Batting: LHB Tzu-Wei Lin 0-0: Ball
1-0: Swinging Strike
1-1: Foul Ball, location: 2F
1-2: SINGLE (Groundball, 34D, EV 106.3 MPH)
Pitching: LHP Colin Poche
Batting: LHB Alex Verdugo 0-0: Ball
1-0: SINGLE (Groundball, 4MD, EV 101.9 MPH)
Tzu-Wei Lin to second
Batting: RHB Xander Bogaerts 0-0: Foul Ball, location: 2F
0-1: Fly out, F4 (Popup, 23, EV 75.0 MPH)
Batting: RHB Michael Chavis 0-0: Ball
1-0: Ball
2-0: Ball
3-0: Called Strike
3-1: Called Strike
3-2: Foul Ball, location: 2F
3-2: Base on Balls
Tzu-Wei Lin to third
Alex Verdugo to second
Batting: LHB Jackie Bradley Jr. 0-0: Called Strike
0-1: Foul Ball, location: 2F
0-2: GRAND SLAM HOME RUN (Flyball, 9D, EV 101.3 MPH), Distance : 386 ft
Batting: RHB Bobby Dalbec 0-0: Ball
1-0: Called Strike
1-1: SINGLE (Line Drive, 56D, EV 95.0 MPH)
Batting: RHB Marcus Wilson 0-0: Called Strike
0-1: Ball
1-1: Ball
2-1: Ball
3-1: Called Strike
3-2: Base on Balls
Bobby Dalbec to second
Pitching: RHP Peter Fairbanks
Batting: RHB Kevin Plawecki 0-0: Ball
1-0: Swinging Strike
1-1: Foul Ball, location: 2F
1-2: Fielders Choice at 2nd, 3-6 (Groundball, 34, EV 82.5 MPH)
Bobby Dalbec to third
Batting: RHB Jonathan Lucroy 0-0: DOUBLE (Line Drive, 7LD, EV 105.6 MPH)
Bobby Dalbec scores
Kevin Plawecki to third
Runner from 3rd tries for Home, SAFE, throw by LF to home
Pinch Hitting: RHB C.J. Chatham 0-0: Called Strike
0-1: Ball
1-1: Ball
2-1: Foul Ball, location: 2F
2-2: Strikes out swinging
Top of the 9th over - 6 runs, 5 hits, 0 errors, 1 left on base; Boston 9 - Tampa Bay 1
BOTTOM OF THE 9TH
Tampa Bay Rays batting - Pitching for Boston Red Sox : RHP Austin Brice
Now at 2B: C.J. Chatham
Batting: RHB Manuel Margot 0-0: Called Strike
0-1: Called Strike
0-2: Ball
1-2: Strikes out swinging
Batting: RHB Robinson Chirinos 0-0: Ball
1-0: SOLO HOME RUN (Flyball, 7LD, EV 90.6 MPH), Distance : 343 ft
Batting: RHB Daniel Robertson 0-0: Ball
1-0: Ball
2-0: Foul Ball, location: 2F
2-1: Swinging Strike
2-2: Strikes out swinging
Batting: RHB Jose Martinez 0-0: Called Strike
0-1: Foul Ball, location: 2F
0-2: Ball
1-2: Ground out 4-3 (Groundball, 4, EV 104.4 MPH)
Bottom of the 9th over - 1 run, 1 hit, 0 errors, 0 left on base; Boston 9 - Tampa Bay 2
Tuesday, June 16th, 2020 - OOTP Baseball 21.3 Build 45